 Dungeon Crawl Stone Soup version 0.30-a0-748-ge6a52f7cba (webtiles) character file.

Game seed: 14211401959615512258

116 kingofthe the Conjurer (level 5, -9/31 HPs)
             Began as an Octopode Conjurer on Feb 8, 2023.
             Killed from afar by an orc wizard (13 damage)
             ... with a puff of flame
             ... on level 3 of the Dungeon.
             The game lasted 00:05:15 (3008 turns).

kingofthe the Conjurer (Octopode Conjurer)          Turns: 3008, Time: 00:05:15

Health: -9/31      AC:  1    Str:  6    XL:     5   Next: 1%
Magic:  1/9        EV: 14    Int: 20    God:
Gold:   92         SH:  0    Dex: 13    Spells: 5/10 levels left

rFire   . . .      SeeInvis .    i - +0 hand axe (heavy)
rCold   + . .      Faith    .    (no shield)
rNeg    . . .      Spirit   .    (helmet restricted)
rPois   .          Reflect  .    (no amulet)
rElec   .          Harm     .    c - ring of protection from cold
rCorr   .          Rampage  .    (no ring)
Will    .....                    (no ring)
Stlth   ++                       (no ring)
HPRegen 0.25/turn                (no ring)
MPRegen 0.11/turn                (no ring)
                                 (no ring)
                                 (no ring)

@: confused
A: almost no armour, amphibious, 8 rings, camouflage 1, gelatinous body 1,
(nimble swimmer 1), tentacles
a: no special abilities


You were on level 3 of the Dungeon.
You visited 1 branch of the dungeon, and saw 3 of its levels.

You collected 92 gold pieces.

Inventory:

Hand Weapons
 i - a +0 heavy hand axe (weapon)
Jewellery
 c - a ring of protection from cold (left tentacle)
Scrolls
 b - 5 scrolls of identify {unknown}
 e - 2 scrolls of teleportation {unknown}
 g - 2 scrolls of noise {unknown}
 j - a scroll of enchant weapon {unknown}
 k - a scroll of vulnerability {unknown}
Potions
 a - a potion of magic
 d - 2 potions of lignification {unknown}
 f - 2 potions of resistance {unknown}
 h - a potion of curing {unknown}
 l - a potion of degeneration {unknown}


   Skills:
 * Level 3.2 Dodging
 + Level 3.7 Stealth
 + Level 3.0 Spellcasting
 + Level 4.4 Conjurations
 + Level 0.1 Translocations


You had 5 spell levels left.
You knew the following spells:

 Your Spells              Type           Power      Damage    Failure   Level
a - Magic Dart            Conj           80%        1d7       2%          1
b - Searing Ray           Conj           40%        2d5       3%          2
c - Blink                 Tloc           6%         N/A       21%         2

Your spell library contained the following spells:

 Spells                   Type           Power      Damage    Failure   Level
 Dazzling Flash           Conj/Hex       22%        N/A       17%         3
 Cigotuvi's Dreadful Rot  Necr/Pois/Air  6%         N/A       22%         2
 Poisonous Vapours        Pois/Air       6%         N/A       22%         2
 Mephitic Cloud           Conj/Pois/Air  8%         N/A       24%         3
 Fulminant Prism          Conj/Hex       5%         3d7       50%         4
 Iskenderun's Mystic Bla  Conj/Tloc      12%        2d5       50%         4
 Manifold Assault         Tloc           3%         N/A       78%         4
 Storm Form               Tmut/Air       1%         N/A       100%        7


Dungeon Overview and Level Annotations

Branches:
Dungeon (3/15)

Altars:


Innate Abilities, Weirdness & Mutations

You cannot wear most types of armour.
You are amphibious.
You can wear up to eight rings at the same time.
Your skin changes colour to match your surroundings (Stealth+).
Your rubbery body absorbs attacks. (AC +1, EV +1)
((You are camouflaged when in or above water. (Stealth+)))
You have tentacles for arms and can constrict up to eight enemies at once.


Message History

The orc wizard flickers and vanishes!
Deactivating autopickup; reactivate with Ctrl-A.
Casting: Searing Ray (safe; 3% risk of failure)
Confirm with . or Enter, or press ? or * to list all spells.
Aiming: Searing Ray (safe; 3% risk of failure)
Press: ? - help, Shift-Dir - straight line, f - you
Okay, then.
Casting: Searing Ray (safe; 3% risk of failure)
Confirm with . or Enter, or press ? or * to list all spells.
Aiming: Searing Ray (safe; 3% risk of failure)
Press: ? - help, Shift-Dir - straight line (Press . to maintain the ray.)
Something hits you.
The searing ray hits something.
You hear some strange, mumbled words.
A magic dart appears from out of thin air!
The magic dart hits you. Something hits you.
Without enough magic to sustain it, your searing ray dissipates.
You hear some strange, mumbled words.
You are confused.
You bump into the rock wall.
You hear some strange, mumbled words.
Something tries to affect you, but you resist.
You bump into the rock wall.
Something hits you.
You're too confused to cast spells.
Unknown command.
You're too confused to cast spells.
Sorry, you're not good enough to have a special ability.
You bump into the rock wall.
Something hits you.
* * * LOW HITPOINT WARNING * * *
Something hits you.
* * * LOW HITPOINT WARNING * * *
You completely miss something. Something hits you.
* * * LOW HITPOINT WARNING * * *
You bump into the rock wall.
You hear some strange, mumbled words.
A puff of flame appears from out of thin air!
The puff of flame hits you!
You die...

########
#[..<[@#
#.####{#
##.####.#
#.....#.#####...
#..##...........
#..##.#.####....
### #.......# #
#.. #.###.####
#.# #.......$#
#.#


There were no monsters in sight!

Vanquished Creatures
  3 gnolls (D:2)
  3 adders
  2 worms
  A dart slug (D:1)
  An orc (D:3)
  7 bats
  4 endoplasms
  A giant cockroach (D:1)
  2 goblins
  5 hobgoblins
  10 jackals (D:1)
  3 kobolds (D:1)
  6 ball pythons
  A frilled lizard (D:1)
  2 rats
51 creatures vanquished.

Notes
Turn   | Place    | Note
-------+----------+-------------------------------------------
     0 | D:1      | kingofthe the Octopode Conjurer began the quest for the
                  | Orb.
     0 | D:1      | Reached XP level 1. HP: 11/11 MP: 3/3
   137 | D:1      | Reached XP level 2. HP: 16/17 MP: 0/5
   140 | D:1      | Learned a level 2 spell: Searing Ray
   520 | D:1      | Reached XP level 3. HP: 21/21 MP: 2/6
  1612 | D:2      | Learned a level 2 spell: Blink
  2015 | D:2      | Reached XP level 4. HP: 27/27 MP: 3/8
  2923 | D:3      | Reached XP level 5. HP: 31/31 MP: 1/9
  3008 | D:3      | Killed from afar by an orc wizard

Illustrated notes

Levels and vault maps discovered:
D:1:      spicycebolla_green_bress_n_ham, layout_basic
D:2:      layout_loops_cross
D:3:      layout_loops_corners, mainiacjoe_overflow_six_doors_small,
          hellmonk_ecumenical_altar_crossroads, uniq_robin,
          uniq_crazy_yiuf_cottage

Skill      XL: |  1  2  3  4 |
---------------+-------------+-----
Stealth        | 3 |  3.7
Dodging        | 3 |  3.2
Spellcasting   | 3 |  3.0
Conjurations   | |  4.4
Translocations | |  0.1

Action                     |  1- 3 |  4- 6 || total
---------------------------+-------+-------++-------
  Melee: Unarmed           |    11 |       ||    11
         Constrict         |     4 |       ||     4
         Tentacles         |     4 |       ||     4
         Hand axe          |     1 |     1 ||     2
   Cast: Magic Dart        |    71 |    20 ||    91
         Searing Ray       |     5 |     7 ||    12
 Armour: Skin              |     2 |       ||     2
  Dodge: Dodged            |     7 |     1 ||     8

Table legend: (Time is in decaauts)
 A = Elapsed time spent in this place.
 B = Non-inter-level travel time spent in this place.
 C = Inter-level travel time spent in this place.
 D = Time resting spent in this place.
 E = Time spent auto-exploring this place.
 F = Levels seen in this place.
 G = Mean time per level.
                   A        B        C        D        E       F      G
               +--------+--------+--------+--------+--------+-----+--------+
         Total |   3011 |   2695 |    316 |    315 |   2084 |   3 | 1003.7 |
       Dungeon |   3011 |   2695 |    316 |    315 |   2084 |   3 | 1003.7 |
               +--------+--------+--------+--------+--------+-----+--------+

Top non-repeatable levels by time:
     D:1: 1697 daAuts
     D:2: 1252 daAuts
     D:3: 61 daAuts
